 Dungeon Crawl Stone Soup version 0.29-a0-559-g359e09b9d1 (webtiles) character file.

Game seed: 49441909822888798

189 ptdevnull the Cleaver (level 5, 45/45 HPs)
             Began as a Hill Orc Monk on June 10, 2022.
             Was a Believer of Beogh.
             Quit the game on level 4 of the Dungeon.
             The game lasted 00:05:08 (2580 turns).

ptdevnull the Cleaver (Hill Orc Monk)               Turns: 2580, Time: 00:05:09

Health: 45/45      AC:  2    Str: 18    XL:     5   Next: 68%
Magic:  5/5        EV: 12    Int: 10    God:    Beogh [**....]
Gold:   201        SH:  0    Dex: 13    Spells: 4/4 levels left

rFire   . . .      SeeInvis .   b - +7 short sword of the Queen {drain, rPois rC- Str+2}
rCold   x . .      Faith    .   (no shield)
rNeg    . . .      Spirit   .   m - +0 robe
rPois   +          Reflect  .   (no helmet)
rElec   .          Harm     .   (no cloak)
rCorr   .          Rampage  .   (no gloves)
Will    .....                   (no boots)
Stlth   ++........              (no amulet)
HPRegen 0.15/turn               (no ring)
MPRegen 0.09/turn               (no ring)

@: no status effects
A: no striking features
a: Renounce Religion, Smiting


You were on level 4 of the Dungeon.
You worshipped Beogh.
Beogh was pleased with you.
You visited 1 branch of the dungeon, and saw 4 of its levels.

You collected 201 gold pieces.

Inventory:

Hand Weapons
 a - a +0 hand axe
 b - the +7 short sword of the Queen (weapon) {drain, rPois rC- Str+2}
   (You found it on level 2 of the Dungeon)

   A truly terrible weapon, it drains the life of any living foe it strikes.
   Str:       It affects your strength (+2).
   rC:        It makes you vulnerable to cold.
   rPois:     It protects you from poison.
Missiles
 g - 2 boomerangs (quivered)
Armour
 m - a +0 robe (worn)
Wands
 n - a wand of polymorph (4)
Scrolls
 d - a scroll of fog {unknown}
 e - a scroll of magic mapping
 f - a scroll of identify {unknown}
 k - 2 scrolls of immolation {unknown}
 l - 2 scrolls of noise
 t - a scroll of blinking {unknown}
 u - a scroll of teleportation {unknown}
 v - a scroll of fear {unknown}
Potions
 c - 3 potions of ambrosia
 h - 2 potions of curing {unknown}
 i - a potion of heal wounds {unknown}
 j - a potion of degeneration {unknown}
 o - 2 potions of cancellation {unknown}
 p - a potion of resistance {unknown}
 q - a potion of flight {unknown}
 r - a potion of haste {unknown}
 s - 2 potions of might {unknown}


   Skills:
 - Level 3.6 Fighting
 + Level 8.2 Axes
 - Level 2.4 Dodging
 - Level 1.5 Stealth


You had 4 spell levels left.
You didn't know any spells.
Your spell library contained the following spells:

 Spells                   Type           Power      Damage    Failure   Level
 Sandblast                Erth           0%         2d4       36%         1
 Passwall                 Tmut/Erth      0%         N/A       50%         2
 Stone Arrow              Conj/Erth      0%         3d7       75%         3
 Dispersal                Tloc           0%         N/A       100%        6
 Disjunction              Tloc           0%         N/A       100%        8


Dungeon Overview and Level Annotations

Branches:
Dungeon (4/15)             Temple (0/1) D:4

Altars:
Qazlal

Shops:
D:1 [


Message History

The hobgoblin completely misses you.
You hit the hobgoblin.
The hobgoblin is almost dead.
The hobgoblin misses you.
You hit the hobgoblin.
You kill the hobgoblin!
Beogh accepts your kill.
No target in view!
You now have 191 gold pieces (gained 15).
Found a stone staircase leading down.
You open the door.
There is an open door here.
You close the door.
There is a stone staircase leading up here.
As you read the scroll labelled DUZOACH KI JIS, it crumbles to dust.
You hear a loud clanging noise!
It was a scroll of noise.
You hear a shout!
As you read the scroll labelled NIQITWEFOHO, it crumbles to dust.
You feel aware of your surroundings.
You sensed 2 altars.
It was a scroll of magic mapping.
Found an escape hatch in the ceiling.
No target in view!
Found a robe.
A goblin comes into view. It is wielding a +0 club.
You puncture the goblin!
You kill the goblin!
Beogh accepts your kill.
No target in view!
Things that are here:
a +0 club; a goblin corpse You now have 201 gold pieces (gained 10).
Found 22 stones.
Found a stormy altar of Qazlal.
k - 2 scrolls labelled YVORAGOMPUN (gained 1)
You enter the shallow water.
Moving in this stuff is going to be slow.
Found a translucent rapier.
You see here the +10 rapier "Concordance" {vorpal, rElec rC+ rCorr Int-3}.
Are you sure you want to abandon this character and quit the game? (Confirm with "yes".)

### ************ ##.....§.#
..######....#,,,..# #...≈_§§.###
#.##........#,**#.# #...≈≈≈§....
#.##........#.###.# #....§[.....
#.##............#.# #........#.#
#.##........#,#.#.# #.#......#.#
#.##........#,#.#.####.#.#......#
#...........#.#.#.##...#.........
................@................
####.#.##.###.#.#.##.............
...#......###.#.#.###.........)..
...+..........#.#........#.######
...#.#.#..#####.#..##....#.# #
...#.####.## #.#..#.....#.#*****
...#.......####.......#..#..,,,,,
...######..##....#.#..#..#..,,,,,
#### ####..#.......#<.#<.#.##****


There were no monsters in sight!

Vanquished Creatures
  A necrophage (D:4)
  Jessica (D:2)
  Terence (D:2)
  2 adders
  A worm (D:2)
  2 dart slugs
  5 ball pythons
  6 bats
  5 endoplasms
  3 giant cockroaches
  5 goblins
  4 hobgoblins
  2 quokkas
  4 frilled lizards
  3 kobolds
  2 rats
47 creatures vanquished.

Vanquished Creatures (others)
  An orc (D:3)
  9 plants (D:1)
10 creatures vanquished.

Grand Total: 57 creatures vanquished

Notes
Turn   | Place    | Note
-------+----------+-------------------------------------------
     0 | D:1      | ptdevnull the Hill Orc Monk began the quest for the Orb.
     0 | D:1      | Reached XP level 1. HP: 19/19 MP: 1/1
   546 | D:1      | Reached XP level 2. HP: 26/26 MP: 2/2
   632 | D:1      | Found Guitt's Antique Armour Shoppe.
   778 | D:1      | Reached skill level 5 in Axes
  1178 | D:2      | Identified the +7 short sword of the Queen {drain, rPois
                  | rC- Str+2}
  1192 | D:2      | Noticed Jessica
  1195 | D:2      | Killed Jessica
  1196 | D:2      | Reached XP level 3. HP: 27/31 MP: 3/3
  1242 | D:2      | Reached skill level 6 in Axes
  1247 | D:2      | Found a faded altar of an unknown god.
  1247 | D:2      | Noticed a hellion
  1277 | D:2      | Noticed Terence
  1281 | D:2      | Killed Terence
  1282 | D:2      | Reached XP level 4. HP: 32/39 MP: 4/4
  1791 | D:3      | Reached skill level 7 in Axes
  1998 | D:3      | Became a worshipper of Beogh the Brigand
  1998 | D:3      | Reached * piety under Beogh
  1998 | D:3      | Reached ** piety under Beogh
  2283 | D:4      | Noticed a necrophage
  2293 | D:4      | Killed a necrophage
  2294 | D:4      | Reached skill level 8 in Axes
  2294 | D:4      | Reached XP level 5. HP: 21/45 MP: 5/5
  2557 | D:4      | Found a stormy altar of Qazlal.
  2579 | D:4      | Identified the +10 rapier "Concordance" {vorpal, rElec rC+
                  | rCorr Int-3}
  2580 | D:4      | Quit the game

Illustrated notes

Levels and vault maps discovered:
D:1:      psy_arrival_spokes, layout_basic, serial_bayou, serial_bayou_pond_a,
          serial_bayou_shore_b, serial_bayou_lagoon_b, serial_bayou_pond_c,
          serial_shops, nicolae_lakefront_shop
D:2:      layout_rooms, dreamdust_ecumenical_altar_sealed_demon,
          minmay_misc_feat_square, uniq_jessica, uniq_terence
D:3:      layout_basic, hangedman_abyss_or_decor_lesser_grid,
          hangedman_decor_growths
D:4:      layout_basic, nicolae_wu_jian_wuxing_cycle,
          nicolae_qazlal_scattered_showers, minmay_temple_entry_nine_rooms,
          uniq_blork_the_orc, uniq_grinder

Skill      XL: |  1  2  3  4 |
---------------+-------------+-----
Axes           | 5 6 8 |  8.2
Fighting       | |  3.6
Dodging        | |  2.4
Stealth        | |  1.5

Action                   |  1- 3 |  4- 6 || total
-------------------------+-------+-------++-------
Melee: Hand axe          |    40 |       ||    40
       Short sword       |    10 |    58 ||    68
       Punch             |     1 |       ||     1
Invok: Convert to Beogh  |       |     1 ||     1
  Use: Scroll            |       |     2 ||     2
 Stab: Sleeping          |     3 |     9 ||    12
Armor: Robe              |     9 |     8 ||    17
Dodge: Dodged            |    19 |    19 ||    38

Table legend: (Time is in decaauts)
 A = Elapsed time spent in this place.
 B = Non-inter-level travel time spent in this place.
 C = Inter-level travel time spent in this place.
 D = Time resting spent in this place.
 E = Time spent auto-exploring this place.
 F = Levels seen in this place.
 G = Mean time per level.
                   A        B        C        D        E       F      G
               +--------+--------+--------+--------+--------+-----+--------+
         Total |   2607 |   2562 |     45 |    504 |   1639 |   4 |  651.8 |
       Dungeon |   2607 |   2562 |     45 |    504 |   1639 |   4 |  651.8 |
               +--------+--------+--------+--------+--------+-----+--------+

Top non-repeatable levels by time:
     D:1: 1129 daAuts
     D:2: 614 daAuts
     D:3: 564 daAuts
     D:4: 298 daAuts
